 Dungeon Crawl Stone Soup version 0.19.1 (webtiles) character file.

89 Vegetable the Chopper (level 4, -4/34 HPs)
             Began as a Demonspawn Wanderer on Nov 29, 2016.
             Slain by kuus's ghost (5 damage)
             ... on level 3 of the Dungeon.
             The game lasted 00:03:32 (1881 turns).

Vegetable the Chopper (Demonspawn Wanderer)         Turns: 1881, Time: 00:03:32

Health: -4/34      AC:  6    Str: 14    XL:     4   Next: 31%
Magic:  4/4        EV: 15    Int: 12    God:
Gold:   124        SH:  0    Dex: 18    Spells: 0 memorised, 3 levels left

rFire  + . .     SeeInvis .     d - +1 hand axe
rCold  + . .     Gourm    .     c - +0 ring mail
rNeg   . . .     Faith    .     (no shield)
rPois  +         Spirit   .     (no helmet)
rElec  +         Reflect  .     (no cloak)
rCorr  +         Harm     .     s - +0 pair of gloves
MR     .....                    (no boots)
Stlth  +++.......               (no amulet)
                                (no ring)
                                (no ring)

@: agile, resistant
A: nightstalker 1, spiny 1
a: no special abilities


You were on level 3 of the Dungeon.
You were not hungry.

You visited 1 branch of the dungeon, and saw 3 of its levels.

You collected 124 gold pieces.

Inventory:

Hand Weapons
 b - a +2 blowgun
 d - a +1 hand axe (weapon)
 k - a +3 whip
Missiles
 a - 2 curare-tipped needles
Armour
 c - a +0 ring mail (worn)
 s - a +0 pair of gloves (worn)
Scrolls
 g - 2 scrolls of teleportation
 i - 4 scrolls of identify
 j - 2 scrolls of enchant weapon
 o - a scroll of blinking
 p - a scroll of random uselessness
 q - a scroll of remove curse
Potions
 e - a potion of curing
Comestibles
 f - a bread ration
 h - a beef jerky
 m - a meat ration
 r - 7 fruits


   Skills:
 + Level 2.4 Fighting
 + Level 5.1 Axes
 - Level 1.7 Throwing
 - Level 1.7 Armour


You had 3 spell levels left.
You didn't know any spells.

Dungeon Overview and Level Annotations

Branches:
Dungeon (3/15)

Altars:
Ashenzari
Cheibriados
Fedhas
Zin

Annotations:
D:3 kuus's ghost, amateur GrEE


Innate Abilities, Weirdness & Mutations

You are slightly more attuned to the shadows.
You are partially covered in sharp spines.


Message History

Kuus's ghost completely misses you.
You hit kuus's ghost.
Kuus's ghost is severely damaged.
Kuus's ghost barely misses you.
You hit kuus's ghost but do no damage.
Kuus's ghost is severely damaged.
Kuus's ghost barely misses you.
Press: ? - help, v - describe, . - travel
Here: kuus's ghost, wielding a vorpal weapon (severely damaged)
The floor.
Unknown command.
You barely miss kuus's ghost.
Kuus's ghost is severely damaged.
The orc hits you but does no damage.
Kuus's ghost points at you and mumbles some strange words.
The stone arrow hits you!
Ouch! That really hurt!
* * * LOW HITPOINT WARNING * * *
Kuus's ghost hits you.
You die...

#.########### #
#.##........# #.
#o##.######[# ##.# #.##.#
##.## ###...##.##.# ##...##
...#.......# #......
#...#..#### #....##
#.##o.#######W#....
#.@Wo...........### #
####o.###.........# #.####
#..###.#.###.#.# ...#
#.......$# #....
######.#####.####.#.###.#.#
.......W.....# .#.....#.#
#.###.#####.# .###.#.#.#
#.# #.# .......... #.# #.#
..######.#


You could see kuus's ghost and 3 orcs.

Vanquished Creatures
  5 adders
  An ooze (D:2)
  A worm (D:2)
  A dart slug (D:2)
  3 leopard geckos
  An orc (D:3)
  4 goblins
  5 hobgoblins
  2 jackals (D:1)
  2 kobolds (D:2)
  2 bats
  2 frilled lizards
  2 rats
31 creatures vanquished.

Notes
Turn   | Place    | Note
-------+----------+-------------------------------------------
     0 | D:1      | Vegetable the Demonspawn Wanderer began the quest for the Orb.
     0 | D:1      | Vegetable set off with: 2 curare-tipped needles, a +2 blowgun, a +0 ring mail, a +0 hand axe, a bread ration
     0 | D:1      | Reached XP level 1. HP: 16/16 MP: 1/1
   552 | D:1      | Reached skill level 4 in Axes
   603 | D:1      | Gained mutation: You are partially covered in sharp spines. [demonic ancestry]
   603 | D:1      | Reached XP level 2. HP: 19/22 MP: 2/2
   895 | D:2      | Found a snail-covered altar of Cheibriados.
  1013 | D:2      | Found a blossoming altar of Fedhas.
  1302 | D:2      | Found a shattered altar of Ashenzari.
  1302 | D:2      | Found a glowing silver altar of Zin.
  1350 | D:2      | Reached XP level 3. HP: 25/27 MP: 3/3
  1633 | D:2      | Reached skill level 5 in Axes
  1707 | D:2      | Gained mutation: You are slightly more attuned to the shadows. [demonic ancestry]
  1707 | D:2      | Reached XP level 4. HP: 30/33 MP: 4/4
  1819 | D:3      | Noticed kuus's ghost (amateur GrEE)
  1881 | D:3      | HP: 1/34 [kuus's ghost/stone arrow (18)]
  1881 | D:3      | Slain by kuus's ghost

Skill      XL: |  1  2  3 |
---------------+----------+-----
Axes           | 4 5 |  5.1
Fighting       | |  2.4
Throwing       | |  1.7
Armour         | |  1.7

Action                   |  1- 3 |  4- 6 || total
-------------------------+-------+-------++-------
Melee: Hand axe          |    87 |    29 ||   116
  Use: Scroll            |       |     8 ||     8
       Potion            |       |     5 ||     5
  Eat: Chunk             |     2 |     1 ||     3
Armor: Ring mail         |    35 |     4 ||    39
Dodge: Dodged            |    34 |    23 ||    57
